 Dungeon Crawl Stone Soup version 0.22.1-2-g9c5b331 (webtiles) character file.

2381 Yuikono the Zephyrmancer (level 9, -3/45 HPs)
             Began as a Tengu Air Elementalist on Nov 27, 2018.
             Was a Believer of Sif Muna.
             Slain by a hippogriff (5 damage)
             ... on level 7 of the Dungeon.
             The game lasted 00:40:39 (7186 turns).

Yuikono the Zephyrmancer (Tengu Air Elementalist)   Turns: 7186, Time: 00:40:39

Health: -3/45      AC:  7    Str:  8    XL:     9   Next: 45%
Magic:  1/20       EV: 12    Int: 19    God:    Sif Muna [**....]
Gold:   232        SH:  0    Dex: 15    Spells: 11/21 levels left

rFire    . . .     SeeInvis +   s - +4 mace
rCold    + . .     Gourm    .   (no shield)
rNeg     . . .     Faith    .   A - +3 leather armour {rC+}
rPois    .         Spirit   .   (helmet restricted)
rElec    .         Reflect  .   h - +0 cloak
rCorr    +         Harm     .   (no gloves)
MR       .....                  (boots unavailable)
Stlth    ++........             (no amulet)
HPRegen  0.15/turn              B - ring of resist corrosion
MPRegen  0.17/turn              F - ring of see invisible

@: no status effects
A: beak, talons 3, able to fly 1
a: Fly, Divine Energy, Renounce Religion


You were on level 7 of the Dungeon.
You worshipped Sif Muna.
Sif Muna was pleased with you.
You were very hungry.

You visited 2 branches of the dungeon, and saw 8 of its levels.

You collected 232 gold pieces.

Inventory:

Hand Weapons
 b - a +0 hunting sling
 l - a +0 dagger
 s - a +4 mace (weapon)
 w - a +1 hand axe of flaming
 y - a +0 short sword of venom
Missiles
 f - 251 stones (quivered)
 n - 78 arrows
 p - 11 poisoned needles
 t - 5 tomahawks
Armour
 a - a +0 robe
 h - a +0 cloak (worn)
 A - a +3 leather armour of cold resistance (worn)
Jewellery
 i - an uncursed amulet of the acrobat
 B - a ring of resist corrosion (left hand)
 F - a ring of see invisible (right hand)
Scrolls
 e - 3 scrolls of enchant armour {unknown}
 j - 4 scrolls of remove curse {unknown}
 k - 3 scrolls of fog {unknown}
 m - a scroll of fear {unknown}
 o - 4 scrolls of magic mapping
 r - a scroll of enchant weapon {unknown}
 u - a scroll of blinking {unknown}
 v - 2 scrolls of immolation
 x - 3 scrolls of random uselessness {unknown}
 E - a scroll of amnesia {unknown}
Potions
 d - a potion of ambrosia {unknown}
 g - 4 potions of heal wounds
 q - 2 potions of cancellation
 z - a potion of degeneration
 C - a potion of lignification
 D - a potion of haste
 G - a potion of curing {unknown}
 H - a potion of berserk rage {unknown}
 I - a potion of flight {unknown}
 J - a potion of resistance {unknown}
Comestibles
 c - 16 rations


   Skills:
 - Level 2.1 Dodging
 - Level 2.0 Stealth
 + Level 6.9 Spellcasting
 + Level 9.3 Conjurations
 + Level 10.1 Air Magic


You had 11 spell levels left.
You knew the following spells:

 Your Spells              Type           Power        Failure   Level  Hunger
a - Shock                 Conj/Air       ####         1%          1    None
b - Static Discharge      Conj/Air       #####...     1%          3    #......
c - Swiftness             Chrm/Air       ####....     2%          2    None
d - Airstrike             Air            #####.....   2%          4    ###....

Your spell library contained the following spells:

 Spells                   Type           Power        Failure   Level  Hunger
 Dazzling Spray           Conj/Hex       ###...       7%          3    #......
 Lightning Bolt           Conj/Air       #####.....   8%          5    #####..
 Corona                   Hex            #......      16%         1    None
 Ensorcelled Hibernation  Hex/Ice        #.....       22%         2    None
 Confuse                  Hex            #.......     41%         3    #......
 Tukima's Dance           Hex            #.......     41%         3    #......


Dungeon Overview and Level Annotations

Branches:
Dungeon (7/15)             Temple (1/1) D:4

Altars:
Ashenzari
Cheibriados
Dithmenos
Elyvilon
Fedhas
Gozag
Hepliaklqana
Kikubaaqudgha
Makhleb
Nemelex Xobeh
Okawaru
Qazlal
Ru
Sif Muna
Trog
Uskayaw
Vehumet
Wu Jian
Xom
Yredelemnul
Zin
The Shining One


Innate Abilities, Weirdness & Mutations

You have a beak for a mouth.
You have claws for feet.
You can fly.


Message History

Casting: Shock (safe; 1% risk of failure)
Confirm with . or Enter, or press ? or * to list all spells.
Aiming: Shock (safe; 1% risk of failure)
Press: ? - help, Shift-Dir - straight line, f/p - hippogriff
Aim: a hippogriff (severely wounded)
The zap hits the hippogriff.
The hippogriff is severely wounded.
The hippogriff bites you!
* * * LOW HITPOINT WARNING * * *
The hippogriff barely misses you. The hippogriff claws you.
* * * LOW HITPOINT WARNING * * *
Casting: Shock (safe; 1% risk of failure)
Confirm with . or Enter, or press ? or * to list all spells.
Aiming: Shock (safe; 1% risk of failure)
Press: ? - help, Shift-Dir - straight line, f/p - hippogriff
Aim: a hippogriff (severely wounded)
The zap hits the hippogriff.
The hippogriff is severely wounded.
The hippogriff bites you.
You die...

.........# ..#..#...##.
........## ....#......
#........# ..........
#.....##.## #.........
#....##...## ###.........
#....#.....###.......#..#
...#............#.#......
..###...H.......#.#......
#. #...@................
##............#......
#.......#..#)........
#.........###.#......
#........## #........
##.....#.# ##........
##......###.^..)....
###.###.(.......)..
####...#...###)..##..^


You could see a hippogriff.

Vanquished Creatures
  Joseph (D:7)
  The ghost of Bodigarde the Vexing, a novice KoEn of Uskayaw (D:6)
  A hungry ghost (D:7)
  Duvessa (D:4)
  A sky beast (D:6)
  An ice beast (D:5)
  2 centaurs
  An ogre (D:4)
  A phantom (D:5)
  A big kobold (D:4)
  A bullfrog (D:6)
  Dowan (D:4)
  A scorpion (D:7)
  3 howler monkeys
  2 crimson imps (D:5)
  A bullfrog skeleton (D:5)
  A hound (D:6)
  4 orc priests
  3 iguanas
  A worker ant (D:4)
  3 orc wizards
  A killer bee zombie (D:6)
  A hound skeleton (D:2)
  4 gnolls (D:3)
  4 adders
  A howler monkey skeleton (D:6)
  An ooze (D:6)
  3 adder zombies (D:2)
  2 adder skeletons
  A worm (D:2)
  A dart slug (D:1)
  3 leopard geckos
  16 orcs
  7 bats
  A bat skeleton (D:2)
  A bat zombie (D:2)
  6 giant cockroaches
  6 goblins
  12 hobgoblins
  10 kobolds
  4 quokkas
  A ball python zombie (D:2)
  6 frilled lizards
  A leopard gecko zombie (D:2)
  A quokka zombie (D:2)
  4 rats
130 creatures vanquished.

Notes
Turn   | Place    | Note
-------+----------+-------------------------------------------
     0 | D:1      | Yuikono the Tengu Air Elementalist began the quest for the
                  | Orb.
     0 | D:1      | Reached XP level 1. HP: 10/10 MP: 4/4
   145 | D:1      | Reached XP level 2. HP: 15/15 MP: 3/6
   637 | D:2      | Reached XP level 3. HP: 7/19 MP: 1/7
   940 | D:2      | Learned a level 3 spell: Static Discharge
   943 | D:2      | Learned a level 2 spell: Swiftness
  1187 | D:2      | Reached XP level 4. HP: 24/24 MP: 2/9
  1199 | D:2      | Reached skill level 5 in Air Magic
  1723 | D:3      | Gained mutation: You can fly. [Tengu growth]
  1723 | D:3      | Reached XP level 5. HP: 28/28 MP: 4/10
  1731 | D:3      | Learned a level 4 spell: Airstrike
  1753 | D:3      | Found a shimmering altar of Xom.
  1753 | D:3      | Found a shimmering altar of Xom.
  1754 | D:3      | Found a shimmering altar of Xom.
  2146 | D:3      | Found a shimmering altar of Xom.
  2146 | D:3      | Found a shimmering altar of Xom.
  2579 | D:3      | Reached skill level 6 in Air Magic
  2579 | D:3      | Reached XP level 6. HP: 19/32 MP: 5/12
  3433 | D:4      | Reached skill level 5 in Conjurations
  3540 | D:4      | Reached XP level 7. HP: 36/36 MP: 6/14
  4018 | D:4      | Noticed Duvessa
  4020 | D:4      | Noticed Dowan
  4089 | D:4      | Killed Duvessa
  4089 | D:4      | Reached skill level 7 in Air Magic
  4116 | D:4      | Killed Dowan
  4548 | D:4      | Found a staircase to the Ecumenical Temple.
  4620 | Temple   | Entered the Ecumenical Temple
  4871 | Temple   | Became a worshipper of Sif Muna the Loreminder
  4934 | D:5      | Entered Level 5 of the Dungeon
  4979 | D:5      | Reached skill level 5 in Spellcasting
  4979 | D:5      | Reached XP level 8. HP: 30/41 MP: 4/16
  5160 | D:5      | Reached skill level 8 in Air Magic
  5865 | D:6      | Reached * piety under Sif Muna
  6194 | D:6      | Found a runed door.
  6194 | D:6      | Noticed Bodigarde's ghost (novice KoEn)
  6213 | D:6      | Found a sparkling altar of Nemelex Xobeh.
  6232 | D:6      | Reached skill level 9 in Air Magic
  6733 | D:6      | Killed Bodigarde's ghost
  6733 | D:6      | Reached XP level 9. HP: 45/45 MP: 2/19
  6836 | D:7      | Noticed Joseph
  6850 | D:7      | Killed Joseph
  7146 | D:7      | Reached skill level 10 in Air Magic
  7159 | D:7      | Reached ** piety under Sif Muna
  7181 | D:7      | HP: 2/45 [hippogriff (4)]
  7186 | D:7      | Slain by a hippogriff

Skill      XL: |  1  2  3  4  5  6  7  8  9 |
---------------+----------------------------+-----
Conjurations   | 2 3 4 5 6 8 9 |  9.3
Air Magic      | 5 6 7 9 10 | 10.1
Spellcasting   | 3 4 5 6 |  6.9
Dodging        | |  2.1
Stealth        | |  2.0

Action                   |  1- 3 |  4- 6 |  7- 9 || total
-------------------------+-------+-------+-------++-------
Melee: Club              |    19 |       |       ||    19
       Unarmed           |     2 |       |       ||     2
       Kick              |     6 |    12 |    20 ||    38
       Dagger            |    14 |    16 |       ||    30
       Peck              |       |     7 |    15 ||    22
       Hunting sling     |       |     2 |       ||     2
       Mace              |       |    34 |   108 ||   142
 Fire: Hunting sling     |       |     9 |       ||     9
Throw: Stone             |       |     5 |       ||     5
 Cast: Shock             |    42 |    95 |   113 ||   250
       Swiftness         |     3 |       |       ||     3
       Airstrike         |       |       |     9 ||     9
  Use: Scroll            |       |     4 |     3 ||     7
 Stab: Sleeping          |     1 |     1 |     2 ||     4
       Distracted        |       |       |     1 ||     1
  Eat: Chunk             |     1 |     8 |     7 ||    16
       Ration            |       |       |     2 ||     2
Armor: Robe              |    53 |     9 |     2 ||    64
       Leather armour    |       |       |    54 ||    54
Dodge: Dodged            |    61 |    68 |   132 ||   261
